 Dungeon Crawl Stone Soup version 0.17-a0-1714-g35622ae (webtiles) character file.

11475 karlkraus the Blocker (level 11, -8/97 HPs)
             Began as a Minotaur Fighter on Aug 24, 2015.
             Was a High Priest of Makhleb.
             Killed by Ozocubu's Refrigeration
             ... invoked by Fannar
              (24 damage)
             ... on level 11 of the Dungeon.
             The game lasted 00:22:08 (9068 turns).

karlkraus the Blocker (Minotaur Fighter)            Turns: 9068, Time: 00:22:08

Health: -8/97      AC: 19    Str: 22    XL:     11   Next: 49%
Magic:  10/10      EV: 14    Int:  5    God:    Makhleb [*****.]
Gold:   378        SH: 15    Dex: 14    Spells: 0 memorised, 10 levels left

rFire  . . .     SeeInvis .     F - +2 mace (protect)
rCold  . . .     Clarity  .     t - +4 scale mail {rPois}
rNeg   + . .     SustAt   .     c - +2 shield
rPois  +         Gourm    .     (helmet restricted)
rElec  .         Spirit   .     h - +1 cloak
rCorr  .         Warding  .     (no gloves)
rMut   .         Stasis   .     (no boots)
MR     .....                    (no amulet)
Stlth  ..........               (no ring)
                                y - ring of positive energy

@: not resistant to hostile enchantments, extremely unstealthy
A: retaliatory headbutt, horns 2, strong 1
a: Minor Destruction, Lesser Servant of Makhleb, Major Destruction, Greater
Servant of Makhleb, Renounce Religion


You were on level 11 of the Dungeon.
You worshipped Makhleb.
Makhleb was extremely pleased with you.
You were hungry.

You visited 1 branch of the dungeon, and saw 11 of its levels.
You also visited: Sewer.

You collected 378 gold pieces.

Inventory:

Hand weapons
 a - a +2 flail of draining
 F - a +2 mace of protection (weapon)
Armour
 c - a +2 shield (worn)
 h - a +1 cloak (worn)
 t - a +4 scale mail of poison resistance (worn)
Jewellery
 y - a ring of positive energy (left hand)
 B - a +5 ring of dexterity {unknown}
Magical devices
 b - a wand of lightning (7)
 f - a wand of enslavement (12)
 x - a wand of draining (1)
 I - a wand of invisibility (2)
Scrolls
 g - a scroll of enchant armour
 j - 2 scrolls of fear
 n - 3 scrolls of remove curse
 p - 3 scrolls of magic mapping
 q - 2 scrolls of fog
 r - a scroll of recharging
 C - a scroll of identify
 D - a scroll of blinking
 H - 2 scrolls of amnesia
Potions
 d - 2 potions of ambrosia
 i - 2 potions of flight
 k - 9 potions of curing
 l - 5 potions of heal wounds
 s - a potion of berserk rage
 u - 3 potions of agility
 v - a potion of haste
 w - 2 potions of invisibility
 A - 3 potions of lignification
Comestibles
 e - 10 bread rations
 m - 15 fruits
 o - 4 slices of pizza
 z - 4 meat rations
 E - 5 chunks of flesh


   Skills:
 + Level 9.2 Fighting
 + Level 10.3 Maces & Flails
 + Level 9.1 Armour
 + Level 9.0 Dodging
 + Level 1.7 Stealth
 + Level 12.1 Shields


You had 10 spell levels left.
You didn't know any spells.

Dungeon Overview and Level Annotations

Branches:
Dungeon (11/15)            Temple (0/1) D:5
   Lair: D:8-11         Orc: D:9-12

Altars:
Cheibriados
Gozag
Okawaru
Ru
Sif Muna
Trog
Yredelemnul
The Shining One

Shops:
D:10 :   D:11 !

Annotations:
D:11 Fannar


Innate Abilities, Weirdness & Mutations

You reflexively headbutt those who attack you in melee.
You have a pair of horns on your head.
Your muscles are strong. (Str +2)


Message History

Fannar hits you but does no damage.
You hit Fannar but do no damage.
Fannar is lightly wounded.
You block Fannar's attack.
You hit Fannar.
Fannar is lightly wounded.
You block Fannar's attack. Fannar blocks your attack.
Your headbutt misses Fannar.
Fannar is lightly wounded.
Fannar closely misses you. You furiously retaliate!
You headbutt Fannar, but do no damage. You hit Fannar but do no damage.
Fannar blocks your attack.
Fannar is lightly wounded.
You block Fannar's attack. Fannar barely misses you. Fannar blocks your attack.
Fannar is lightly wounded.
Fannar gestures wildly while chanting.
Fannar drains the heat from the surrounding environment!
You feel very cold.
You die...

........#÷#...........
#####..)'∩+..#........
#...#'#..#...#####
#.......##...#
#######(......##...#
........(#######...#
.................... .
.......e############.
#.##############@#######
................).......
........................
...............))..#####
######.########...# #.#
#...# # #.# #...# .#
#.########...#######..#
#####.....................#


You could see Fannar.

Vanquished Creatures
  Harold (D:11)
  An unseen horror (D:10)
  2 hill giants (D:10)
  Pikel (D:6)
  A cyclops (D:11)
  A fire drake (D:11)
  A kobold demonologist (Sewer)
  Grinder (Sewer)
  A spriggan (D:7)
  Sigmund (D:3)
  2 wyverns (D:8)
  A deep elf mage (D:11)
  2 hippogriffs
  12 yaks
  Edmund (D:6)
  3 orc warriors
  Duvessa (D:6)
  2 phantoms
  A sky beast (D:5)
  2 centaurs
  2 ice beasts
  9 ogres
  A big kobold (Sewer)
  6 giant frogs
  Dowan (D:6)
  5 scorpions
  18 killer bees
  3 hounds
  A giant frog zombie (D:5)
  9 orc wizards
  A quasit (D:8)
  2 centaur skeletons
  5 crimson imps
  9 orc priests
  2 giant frog skeletons
  A jelly (D:5)
  2 iguanas
  12 worker ants
  5 big kobold zombies (Sewer)
  A hound skeleton (D:5)
  11 adders
  2 shadow imps
  An ufetubus (Sewer)
  An ooze (D:1)
  2 adder zombies
  3 worms
  2 adder skeletons (D:7)
  36 orcs
  2 ball pythons
  5 giant cockroaches
  11 goblins
  8 hobgoblins
  16 jackals
  5 quokkas
  7 bats
  A giant cockroach zombie (Sewer)
  4 giant geckos
  A giant gecko skeleton (D:4)
  4 giant newts
  A jackal zombie (D:6)
  21 kobolds
  A kobold zombie (Sewer)
  A quokka zombie (D:6)
  7 rats
  A butterfly (D:5)
287 creatures vanquished.

Notes
Turn   | Place    | Note
--------------------------------------------------------------
     0 | D:1      | karlkraus the Minotaur Fighter began the quest for the Orb.
     0 | D:1      | Reached XP level 1. HP: 19/19 MP: 0/0
   161 | D:1      | Reached skill level 4 in Shields
   161 | D:1      | Reached XP level 2. HP: 27/27 MP: 1/1
   363 | D:1      | Reached XP level 3. HP: 19/33 MP: 2/2
  1600 | D:3      | Reached XP level 4. HP: 41/41 MP: 3/3
  1612 | D:3      | Noticed Sigmund
  1630 | D:3      | Killed Sigmund
  1630 | D:3      | Reached skill level 5 in Fighting
  1630 | D:3      | Reached skill level 5 in Armour
  1630 | D:3      | Reached skill level 1 in Dodging
  1630 | D:3      | Reached XP level 5. HP: 19/48 MP: 4/4
  1686 | D:3      | Reached skill level 5 in Shields
  1696 | D:3      | Reached XP level 6. HP: 24/56 MP: 5/5
  2348 | D:3      | Gained mutation: Your muscles are strong. (Str +2) [potion of beneficial mutation]
  2597 | D:4      | Found a glowing drain.
  2615 | Sewer    | Entered a sewer
  2616 | Sewer    | Reached XP level 7. HP: 61/61 MP: 6/6
  2739 | Sewer    | Found a burning altar of Makhleb.
  2756 | Sewer    | Became a worshipper of Makhleb the Destroyer
  2802 | Sewer    | Noticed an apprentice kobold demonologist
  2816 | Sewer    | Killed an apprentice kobold demonologist
  2816 | Sewer    | Reached skill level 5 in Maces & Flails
  2816 | Sewer    | Reached skill level 6 in Armour
  2853 | Sewer    | Noticed Grinder
  2853 | Sewer    | Paralysed by Grinder for 4 turns
  2872 | Sewer    | Killed Grinder
  2872 | Sewer    | Reached XP level 8. HP: 56/70 MP: 7/7
  3255 | D:4      | Noticed a hippogriff
  3266 | D:4      | Killed a hippogriff
  3266 | D:4      | Reached skill level 7 in Shields
  3295 | D:4      | Acquired Makhleb's first power
  3690 | D:4      | Found an opulent altar of Gozag.
  3797 | D:5      | Entered Level 5 of the Dungeon
  4037 | D:5      | Found a staircase to the Ecumenical Temple.
  4053 | D:5      | Found a bloodstained altar of Trog.
  4057 | D:5      | Found a basalt altar of Yredelemnul.
  4057 | D:5      | Found an opulent altar of Gozag.
  4058 | D:5      | Found a sacrificial altar of Ru.
  4060 | D:5      | Found a glowing golden altar of the Shining One.
  4061 | D:5      | Found a snail-covered altar of Cheibriados.
  4482 | D:5      | Reached skill level 5 in Dodging
  4482 | D:5      | Reached skill level 8 in Shields
  4482 | D:5      | Reached XP level 9. HP: 78/78 MP: 8/8
  4577 | D:6      | Acquired Makhleb's second power
  4599 | D:6      | Noticed Edmund
  4608 | D:6      | Killed Edmund
  4664 | D:6      | Noticed Dowan
  4665 | D:6      | Noticed Duvessa
  4670 | D:6      | Killed Duvessa
  4674 | D:6      | Killed Dowan
  5321 | D:6      | Noticed Pikel
  5337 | D:6      | Killed Pikel
  5337 | D:6      | Reached skill level 9 in Shields
  5806 | D:7      | Reached XP level 10. HP: 88/88 MP: 9/9
  6206 | D:7      | Acquired Makhleb's third power
  6341 | D:7      | Reached skill level 1 in Stealth
  6659 | D:8      | Found a deep blue altar of Sif Muna.
  6770 | D:8      | Reached skill level 10 in Shields
  7037 | D:8      | Acquired Makhleb's fourth power
  7602 | D:9      | Reached skill level 11 in Shields
  7849 | D:10     | Entered Level 10 of the Dungeon
  7955 | D:10     | Killed an unseen horror
  7977 | D:10     | Noticed a hill giant
  7990 | D:10     | Killed a hill giant
  7990 | D:10     | Reached XP level 11. HP: 67/95 MP: 10/10
  8140 | D:10     | Acquired Makhleb's fifth power
  8218 | D:10     | Found an iron altar of Okawaru.
  8359 | D:10     | Found Dub Err's Book Shoppe.
  8413 | D:10     | Noticed a hill giant
  8423 | D:10     | Killed a hill giant
  8423 | D:10     | Reached skill level 10 in Maces & Flails
  8801 | D:11     | Noticed Harold
  8824 | D:11     | Found Weatz's Distillery.
  8896 | D:11     | Killed Harold
  8913 | D:11     | Reached skill level 12 in Shields
  9050 | D:11     | Noticed Fannar
  9068 | D:11     | Killed from afar by Fannar

Vault maps used:
D:1:      dpeg_arrival_pits, roderic_lattice_a
D:3:      uniq_sigmund
D:4:      minmay_opposing_rooms, portal_sewer_entry_d, first_bread,
          nicolae_gozag_seed_capital
D:5:      grunt_temple_overflow_open, minmay_temple_entry_butterflies
D:6:      uniq_edmund, uniq_pikel, uniq_duvessa
D:7:      the_bakery
D:8:      old_standard_altar, minmay_misc_feat_enclosed
D:10:     serial_shops, shop, okawaru_trees_2
D:11:     minmay_lair_entry_lava, serial_shops, kennysheep_mini_moat,
          uniq_fannar, uniq_harold
Sewer:    kennysheep_sewer_church

Action                   |  1- 3 |  4- 6 |  7- 9 | 10-12 || total
-------------------------+-------+-------+-------+-------++-------
Melee: Flail             |   114 |   105 |   236 |       ||   455
       Mace              |       |       |   129 |   547 ||   676
  Use: Potion            |       |     2 |     1 |     1 ||     4
       Scroll            |       |    14 |     6 |     9 ||    29
  Eat: Chunk             |     1 |     4 |     8 |    10 ||    23
       Fruit             |       |       |     4 |     1 ||     5
